 Dungeon Crawl Stone Soup version 0.21.0-37-g46506fa5f3 (webtiles) character file.

88 DildoBatman the Sneak (level 4, 0/35 HPs)
             Began as a Formicid Enchanter on Jan 31, 2018.
             Succumbed to a scorpion's poison
             ... on level 4 of the Dungeon.
             The game lasted 00:08:37 (3926 turns).

DildoBatman the Sneak (Formicid Enchanter)          Turns: 3926, Time: 00:08:38

Health: 0/35       AC:  5    Str: 13    XL:     4   Next: 81%
Magic:  7/16       EV: 11    Int: 15    God:
Gold:   72         SH:  0    Dex:  9    Spells: 3/7 levels left

rFire    + + +     SeeInvis +   a - +1 dagger
rCold    . . .     Gourm    .   (no shield)
rNeg     . . .     Faith    +   k - +0 ring mail
rPois    .         Spirit   .   (helmet unavailable)
rElec    .         Reflect  .   (no cloak)
rCorr    .         Harm     .   (no gloves)
MR       .....                  (no boots)
Stlth    ++........             n - amulet "Usicvano" {Faith rF+++ MP+9 Dex-2 Slay-2}
HPRegen  0.11/turn              (no ring)
MPRegen  0.15/turn              (no ring)

@: lethally poisoned (0 -> -15), very slightly contaminated
A: permanent stasis, dig shafts and tunnels, four strong arms, antennae 3
a: Dig, Shaft Self


You were on level 4 of the Dungeon.
You were hungry.

You visited 1 branch of the dungeon, and saw 4 of its levels.

You collected 72 gold pieces.

Inventory:

Hand Weapons
 a - a +1 dagger (weapon)
 j - a +0 dagger of speed
Armour
 e - a +0 buckler
 f - a +0 shield
 k - a +0 ring mail (worn)
Jewellery
 n - the amulet "Usicvano" (around neck) {Faith rF+++ MP+9 Dex-2 Slay-2}
   (You found it on level 4 of the Dungeon)

   [amulet of faith]

   It allows you to gain divine favour quickly.
   It affects your dexterity (-2).
   It affects your accuracy and damage with ranged weapons and melee attacks
   (-2).
   It renders you almost immune to fire.
   It affects your magic capacity (+9).
Scrolls
 b - 2 scrolls of teleportation {unknown}
 d - 3 scrolls of remove curse {unknown}
 g - a scroll of fear {unknown}
 h - 3 scrolls of identify {unknown}
 i - 2 scrolls of fog {unknown}
 l - a scroll of immolation {unknown}
Books
 c - a book of Maledictions

   Spells                             Type                      Level
   a - Corona                         Hexes                        1
   b - Ensorcelled Hibernation        Hexes/Ice                    2
   c - Confuse                        Hexes                        3
   d - Tukima's Dance                 Hexes                        3
   e - Dazzling Spray                 Conjuration/Hexes            3
Comestibles
 v - 4 rations


   Skills:
 - Level 3.0 Fighting
 - Level 1.0 Short Blades
 * Level 1.5 Armour
 - Level 2.0 Dodging
 - Level 4.0 Stealth
 * Level 1.7 Shields
 - Level 2.1 Spellcasting
 - Level 3.6 Hexes


You had 3 spell levels left.
You knew the following spells:

 Your Spells              Type           Power        Failure   Level  Hunger
a - Corona                Hex            ##.....      11%         1    #......
b - Confuse               Hex            ##......     30%         3    ###....


Dungeon Overview and Level Annotations

Branches:
Dungeon (4/15)
 Temple: D:4-7

Altars:
Kikubaaqudgha
Nemelex Xobeh

Annotations:
D:1 Robin
D:2 Ijyb
D:3 1 exclusion
D:4 Natasha


Innate Abilities, Weirdness & Mutations

You cannot be hasted, slowed, berserked, paralysed or teleported.
You can dig through walls and to a lower floor.
Your four strong arms can wield two-handed weapons with a shield.
You have a pair of large antennae on your head. (SInv)


Message History

The scorpion stings you.
Unknown command.
Casting: Confuse
Confirm with . or Enter, or press ? or * to list all spells.
Aiming: Corona
Press: ? - help, Shift-Dir - straight line, f/p - scorpion
Aim: a scorpion (moderately wounded, chance to defeat MR: 49%)
The scorpion is outlined in light.
The scorpion stings you.
You are more poisoned.
The scorpion poisons you!
Casting: Corona
Confirm with . or Enter, or press ? or * to list all spells.
Aiming: Confuse
Press: ? - help, Shift-Dir - straight line, f/p - scorpion
Aim: a scorpion (moderately wounded, softly glowing, chance to defeat MR: 43%)
The scorpion appears confused.
You are feeling hungry.
You feel sick.
You die...

.'.....#
#.............
.#.....#
#.............
#.....##
####+##...?...
#......#
....###
#......# ....#
#......# ....#
########
########....#
#....<......#
#..s@........
#.......####.
#.......+
#.......#
#.......#
.......$.+
..........#
..........#


You could see a scorpion (confused).

Vanquished Creatures
  An adder (D:3)
  A worm (D:2)
  A dart slug (D:2)
  A leopard gecko (D:3)
  A ball python (D:1)
  7 bats
  2 giant cockroaches
  14 goblins
  12 hobgoblins
  4 jackals (D:3)
  3 kobolds
  2 quokkas (D:3)
  6 frilled lizards
  7 rats
62 creatures vanquished.

Notes
Turn   | Place    | Note
-------+----------+-------------------------------------------
     0 | D:1      | DildoBatman the Formicid Enchanter began the quest for the Orb.
     0 | D:1      | Reached XP level 1. HP: 13/13 MP: 3/3
    33 | D:1      | Found a sparkling altar of Nemelex Xobeh.
    59 | D:1      | Reached skill level 1 in Fighting
   271 | D:1      | Reached XP level 2. HP: 19/22 MP: 3/5
   985 | D:1      | Reached XP level 3. HP: 24/28 MP: 4/6
   990 | D:1      | Learned a level 3 spell: Confuse
  1533 | D:2      | Noticed Robin
  2218 | D:2      | Reached XP level 4. HP: 18/35 MP: 3/7
  2580 | D:2      | Noticed Natasha
  2585 | D:2      | Reached skill level 1 in Shields
  2727 | D:3      | Reached skill level 1 in Armour
  2727 | D:3      | Reached skill level 4 in Stealth
  3144 | D:3      | Found an ancient bone altar of Kikubaaqudgha.
  3275 | D:3      | Noticed Ijyb
  3668 | D:4      | Got an ancient bronze amulet
  3669 | D:4      | Identified the amulet "Usicvano" {Faith rF+++ MP+9 Dex-2 Slay-2} (You found it on level 4 of the Dungeon)
  3926 | D:4      | Succumbed to a scorpion's poison

Skill      XL: |  1  2  3  4 |
---------------+-------------+-----
Fighting       | 1 2 3 |  3.0
Dodging        | 2 |  2.0
Shields        | 1 |  1.7
Armour         | 1 |  1.5
Stealth        | 4 |  4.0
Short Blades   | |  1.0
Spellcasting   | |  2.1
Hexes          | |  3.6

Action                   |  1- 3 |  4- 6 || total
-------------------------+-------+-------++-------
Melee: Dagger            |   173 |   136 ||   309
 Cast: Corona            |    24 |    16 ||    40
       Confuse           |     3 |     1 ||     4
 Abil: Dig               |     1 |     2 ||     3
 Stab: Sleeping          |     2 |     4 ||     6
       Confused          |     1 |       ||     1
  Eat: Chunk             |     4 |     7 ||    11
Armor: Robe              |    14 |       ||    14
       Leather armour    |     7 |       ||     7
       Ring mail         |       |    84 ||    84
Dodge: Dodged            |   116 |   123 ||   239
